AoeStats
← Yael090

Arena

510267651Analyzed
2v2 RM · 2d ago on Sep 30, 2026· 36m 13s· 4 players
Game mode
Random Map
Map size
Medium (4 player)
Population
200
Speed
Normal
Resources
Standard
Victory
Conquest
Starting age
Dark Age
Ending age
Imperial Age
RankedLock teamsTeams togetherTeam positionsShared explorationLock speedFull tech treeHidden civsTurbo modeCheats
Victory
Defeat
1076
+15
🇨🇳 Spanish · China
977
+19
🇦🇺 Persians · Australia
1065
-18
🇲🇽 Maya · Mexico
1016
-16
Mordring
10:10 Feudal Age
14:05 Castle Age
12:34 Horse Collar
18:26 Loom
19:05 Fletching
19:50 Double-Bit Axe
22:12 Bow Saw
23:13 Bodkin Arrow
24:09 Padded Archer Armor
25:48 Husbandry
32:19 Imperial Age
30:37 Masonry
31:35 Parthian Tactics
32:21 Thumb Ring
33:32 Bloodlines
34:29 Forging
34:24 Scale Barding Armor
33:44 Heavy Camel Rider
Yael090
0:35 Loom
11:21 Feudal Age
13:21 Double-Bit Axe
14:41 Wheelbarrow
16:13 Town Watch
17:40 Gold Mining
18:02 Fletching
21:04 Castle Age
19:02 Stone Mining
19:17 Padded Archer Armor
22:32 Horse Collar
27:32 Imperial Age
26:09 Elite Skirmisher
27:18 Hul'che Javelineers
28:16 Leather Archer Armor
31:58 Bodkin Arrow
34:15 Chemistry
33:37 Ballistics
35:38 Conscription
35:55 Devotion
从不压堡之人
10:57 Feudal Age
14:45 Castle Age
12:50 Double-Bit Axe
13:11 Horse Collar
14:56 Wheelbarrow
16:31 Bow Saw
17:02 Town Watch
20:38 Heavy Plow
23:16 Loom
24:39 Gold Mining
24:39 Stone Mining
26:37 Hand Cart
30:41 Imperial Age
28:47 Inquisition
28:52 Husbandry
29:02 Bloodlines
28:45 Fletching
30:18 Sanctity
30:09 Fervor
30:11 Redemption
32:25 Chemistry
31:53 Guilds
32:23 Caravan
33:44 Two-Man Saw
34:13 Theocracy
33:53 Block Printing
34:04 Illumination
35:02 Block Printing
35:11 Conscription
35:47 Ballistics
35:13 Arrowslits
35:19 Guard Tower
36:09 Bodkin Arrow
36:19 Scale Barding Armor
我怕你审判长?
9:55 Feudal Age
13:58 Castle Age
12:14 Double-Bit Axe
12:54 Horse Collar
14:46 Bow Saw
21:00 Loom
22:06 Wheelbarrow
21:56 Stone Mining
23:45 Gold Mining
24:50 Loom
25:22 Hand Cart
30:04 Imperial Age
28:09 Scale Barding Armor
28:29 Town Watch
29:50 Chain Barding Armor
29:41 Forging
29:43 Bloodlines
29:34 Husbandry
29:47 Cavalier
31:19 Heavy Plow
33:02 Plate Barding Armor
35:48 Iron Casting
36:02 Crop Rotation
36:34 Two-Man Saw
Connection lost

Rejoining the realm…

Still unreachable

The connection could not be restored.

Session expired

The server has moved on; the page needs a fresh start.